 Dungeon Crawl Stone Soup version 0.21-a0-88-g13b9641 (webtiles) character file.

7 MackTheKnife the Skirmisher (level 1, 0/14 HPs)
             Began as a Deep Elf Wanderer on June 27, 2017.
             Slain by a kobold
             ... wielding a +0 short sword
              (3 damage)
             ... on level 1 of the Dungeon.
             The game lasted 00:00:42 (461 turns).

MackTheKnife the Skirmisher (Deep Elf Wanderer)      Turns: 461, Time: 00:00:42

Health: 0/14       AC:  2    Str: 11    XL:     1   Next: 83%
Magic:  3/3        EV: 11    Int: 15    God:
Gold:   30         SH:  0    Dex: 13    Spells: 0/0 levels left

rFire    . . .     SeeInvis .   g - +0 whip
rCold    . . .     Gourm    .   (no shield)
rNeg     . . .     Faith    .   d - +0 robe
rPois    .         Spirit   .   (no helmet)
rElec    .         Reflect  .   (no cloak)
rCorr    .         Harm     .   (no gloves)
MR       .....                  (no boots)
Stlth    +.........             (no amulet)
HPRegen  0.04/turn              (no ring)
MPRegen  0.08/turn              (no ring)

@: no status effects
A: no striking features
a: no special abilities


You were on level 1 of the Dungeon.
You were not hungry.

You visited 1 branch of the dungeon, and saw 1 of its levels.

You collected 30 gold pieces.

Inventory:

Hand Weapons
 g - a +0 whip (weapon)
   (You found it on level 1 of the Dungeon)
Armour
 d - a +0 robe (worn)
Scrolls
 b - a scroll of teleportation
 e - a scroll of identify {unknown}
 j - 2 scrolls of recharging {unknown}
 k - a scroll of fear {unknown}
 l - a scroll of immolation {unknown}
Potions
 c - a potion of curing
 h - a potion of flight {unknown}
 i - a potion of mutation {unknown}
 m - a potion of degeneration {unknown}
Miscellaneous
 a - a fan of gales
Comestibles
 f - a bread ration {@e1}


   Skills:
 + Level 3.6 Fighting
   Level 1.5 Axes
 - Level 1.0 Throwing
 - Level 1.5 Unarmed Combat
 - Level 1.1 Evocations


You couldn't memorise any spells.
You didn't know any spells.

Dungeon Overview and Level Annotations

Branches:
Dungeon (1/15)

Altars:


Message History

The bat barely misses you. The bat hits you but does no damage.
The bat closely misses you.
You closely miss the bat. The bat barely misses you. x2
You hit the bat.
You kill the bat!
No target in view!
No target in view!
A rat comes into view.
You see here 4 gold pieces.
A rat is nearby!
A rat is nearby!
You now have 10 gold pieces (gained 4).
The rat closely misses you.
You hit the rat.
You kill the rat!
No target in view!
No target in view!
No target in view!
No target in view!
No target in view!
No target in view!
No target in view!
You open the door.
There is an open door here.
k - a scroll labeled ZIOTOUHIORPH
There is an open door here.
A rat comes into view.
Health restored: 14 A rat is nearby!
The rat closely misses you.
You barely miss the rat. The rat misses you.
You barely miss the rat. The rat closely misses you.
You hit the rat.
You kill the rat!
No target in view!
You aren't carrying or standing over any spellbooks.
Unknown command.
l - a scroll labeled BYL BAUTOIWO You now have 17 gold pieces (gained 7).
Found a stone staircase leading down.
A frilled lizard comes into view.
The frilled lizard hisses angrily.
A frilled lizard is nearby!
The frilled lizard bites you.
You take 3 damage, and have 11/14 hp.
MASSIVE DAMAGE!!
You barely miss the frilled lizard. The frilled lizard misses you.
A frilled lizard is nearby!
You closely miss the frilled lizard. The frilled lizard misses you.
You miss the frilled lizard. The frilled lizard misses you.
You closely miss the frilled lizard. The frilled lizard bites you.
You take 1 damage, and have 11/14 hp.
You closely miss the frilled lizard. The frilled lizard closely misses you.
You hit the frilled lizard.
You kill the frilled lizard!
No target in view!
You see here a frilled lizard corpse.
A frilled lizard comes into view.
A frilled lizard is nearby!
A frilled lizard is nearby!
The frilled lizard hisses angrily.
You barely miss the frilled lizard. The frilled lizard barely misses you.
You hit the frilled lizard but do no damage.
The frilled lizard bites you but does no damage.
You hit the frilled lizard.
You kill the frilled lizard!
No target in view!
No target in view!
No target in view!
You now have 30 gold pieces (gained 13).
You open the door.
There is an open door here.
m - a lumpy cyan potion As you open the door, it creaks loudly!
There is an open door here.
A kobold comes into view. It is wielding a short sword.
A kobold is nearby!
The kobold shouts!
The kobold throws a stone.
The stone hits you.
You see here a stone.
The kobold throws a stone.
The stone hits you.
You see here a stone.
The kobold throws a stone.
The stone hits you.
You see here a stone.
You are too injured to fight recklessly!
You take 5 damage, and have 8/14 hp.
MASSIVE DAMAGE!!
You are too injured to fight recklessly!
You are too injured to fight recklessly!
You are too injured to fight recklessly!
You are too injured to fight recklessly!
The kobold hits you but does no damage.
You hit the kobold but do no damage. The kobold misses you.
You hit the kobold but do no damage. The kobold hits you with a short sword.
* * * LOW HITPOINT WARNING * * *
You take 5 damage, and have 3/14 hp.
MASSIVE DAMAGE!!
You completely miss the kobold. The kobold hits you with a short sword.
You die...

#######
#.....# ###
#.###.# #. ..#
#.# #.# ## ##
#. #.# #.###.#
#. .####.# #.#
......# #.#
#.......####.#
# #.##..#
#..#K.#
#....##.###
#.....# #.@.#
#.#...#.##.
####.## ##(##
#.......#..
#.# #(#
#..........
###.#####
###(####
####.####†.
#.......#
#......# #.#
###. #.#.###.#
#....#.# #.#
#... #.#.###.#
#.....)#
##'###.##
#.#..†#.#
#......#
##...##.#
#.###.#.###
#......#
##.....#.#


You could see a kobold.

Vanquished Creatures
  2 bats (D:1)
  3 frilled lizards (D:1)
  2 kobolds (D:1)
  3 rats (D:1)
10 creatures vanquished.

Notes
Turn   | Place    | Note
-------+----------+-------------------------------------------
     0 | D:1      | MackTheKnife the Deep Elf Wanderer began the quest for the Orb.
     0 | D:1      | MackTheKnife set off with: a fan of gales, a scroll of teleportation, a potion of curing, a +0 robe, a +0 dagger, a bread ration {@e1}
     0 | D:1      | Reached XP level 1. HP: 14/14 MP: 3/3
   460 | D:1      | HP: 3/14 [kobold/short sword (5)]
   461 | D:1      | Slain by a kobold

Vault maps used:
D:1:      minmay_arrival_semitransparent

Action                   || total
-------------------------++-------
Melee: Whip              ||    31
       Dagger            ||     1
Armor: Robe              ||    10
Dodge: Dodged            ||    22

Vault maps used:
D:1:      minmay_arrival_semitransparent

Table legend:
 A = Turns spent in this place as a percentage of turns spent in the entire game.
 B = Non-inter-level travel turns spent in this place as a percentage of non-inter-level travel turns spent in the entire game.
 C = Inter-level travel turns spent in this place as a percentage of turns spent in this place.
 D = Turns resting spent in this place as a percentage of non-inter-level travel turns spent in this place.
 E = Turns spent auto-exploring this place as a percentage of non-inter-level travel turns spent in this place.
 F = Non-inter-level travel turns spent in this place divided by the number of levels of this place that you've seen.
                   A       B       C       D       E      F
               +-------+-------+-------+-------+-------+----------------------
         Total | 100.0 | 100.0 |   0.7 |   0.0 |  15.3 | 144.0
       Dungeon | 100.0 | 100.0 |   0.7 |   0.0 |  15.3 | 144.0
               +-------+-------+-------+-------+-------+----------------------

Table legend:
 A = Kills in this place as a percentage of kills in entire the game.
 B = Kills by you in this place as a percentage of kills by you in the entire game.
 C = Kills by friends in this place as a percentage of kills by friends in the entire game.
 D = Other kills in this place as a percentage of other kills in the entire game.
 E = Experience gained in this place as a percentage of experience gained in the entire game.
 F = Experience gained in this place divided by the number of levels of this place that you have seen.
                   A       B       C       D       E      F
               +-------+-------+-------+-------+-------+----------------------
         Total | 100.0 | 100.0 |  -nan |  -nan | 100.0 |  10.0
       Dungeon | 100.0 | 100.0 |  -nan |  -nan | 100.0 |  10.0
               +-------+-------+-------+-------+-------+----------------------
